 Dungeon Crawl Stone Soup version 0.17.2-1-ge4368a0 (webtiles) character file.

245 ololoev the Chopper (level 5, -7/63 HPs)
             Began as a Demonspawn Berserker on July 26, 2016.
             Was a Believer of Trog.
             Mangled by an ice beast (14 damage)
             ... on level 5 of the Dungeon.
             The game lasted 00:06:33 (733 turns).

ololoev the Chopper (Demonspawn Berserker)           Turns: 733, Time: 00:06:33

Health: -7/63      AC: 10    Str: 23    XL:     5   Next: 83%
Magic:  5/5        EV:  8    Int:  8    God:    Trog [**....]
Gold:   112        SH:  0    Dex: 13    Spells: 0 memorised, 4 levels left

rFire  + . .     SeeInvis .     a - +0 hand axe
rCold  . . .     Clarity  .     n - +0 chain mail
rNeg   + . .     SustAt   .     (no shield)
rPois  .         Gourm    .     (helmet restricted)
rElec  .         Spirit   .     (no cloak)
rCorr  .         Warding  +     (no gloves)
rMut   .         Stasis   .     (no boots)
MR     .....                    p - amulet of warding
Stlth  ..........               (no ring)
                                (no ring)

@: berserking, lethally poisoned (-7 -> -27), drained, very quick, not resistant
to hostile enchantments, extremely unstealthy
A: horns 1, rugged brown scales 1, fire resistance 1
a: Berserk, Trog's Hand, Burn Spellbooks, Renounce Religion


Innate Abilities, Weirdness & Mutations

You have a pair of small horns on your head.
You are partially covered in rugged brown scales (AC +1, +3% HP).
Your flesh is heat resistant.

Inventory:

Hand Weapons
 a - a +0 hand axe (weapon)
Armour
 n - a +0 chain mail (worn)
Jewellery
 p - an amulet of warding (around neck)
Scrolls
 d - a scroll of fog {unknown}
 f - a scroll of teleportation {unknown}
 g - a scroll of recharging {unknown}
 k - 2 scrolls of enchant armour {unknown}
 l - a scroll of immolation {unknown}
 m - a scroll of magic mapping {unknown}
 o - a scroll of remove curse {unknown}
Potions
 b - a potion of poison {unknown}
 e - a potion of resistance {unknown}
 i - a potion of agility {unknown}
 q - a potion of heal wounds {unknown}
Comestibles
 c - a bread ration
 h - 2 meat rations
 j - 7 chunks of flesh


   Skills:
 - Level 3.0(2.6) Fighting
 * Level 5.2(4.8) Axes
 + Level 3.4(3.1) Armour
 - Level 1.7(1.4) Dodging


You had 4 spell levels left.
You didn't know any spells.


You were on level 5 of the Dungeon.
You worshipped Trog.
Trog was pleased with you.
You were not hungry.

You visited 1 branch of the dungeon, and saw 5 of its levels.

You collected 112 gold pieces.

##..............
......#.........
........<##
.#..#....##
#......#
#.##......# ##
#.........# ..#
...........#...#
....#....Y@Z...#
.##.......o)#.....
##......#.# ....
#...#.##.Y ...
#.#...# ...
........ ....
#####.. #.... .?##
.....

Notes
Turn   | Place    | Note
--------------------------------------------------------------
     0 | D:1      | ololoev the Demonspawn Berserker began the quest for the Orb.
     0 | D:1      | Reached XP level 1. HP: 18/18 MP: 1/1
   216 | D:2      | Gained mutation: Your flesh is heat resistant. [demonic ancestry]
   216 | D:2      | Reached XP level 2. HP: 18/24 MP: 2/2
   436 | D:3      | Gained mutation: You are partially covered in rugged brown scales (AC +1, +3% HP). [demonic ancestry]
   436 | D:3      | Reached XP level 3. HP: 29/29 MP: 3/3
   443 | D:3      | Reached ** piety under Trog
   521 | D:4      | Found a staircase to the Ecumenical Temple.
   529 | D:4      | Reached skill level 4 in Axes
   529 | D:4      | Reached XP level 4. HP: 36/36 MP: 4/4
   679 | D:4      | Gained mutation: You have a pair of small horns on your head. [demonic ancestry]
   679 | D:4      | Reached XP level 5. HP: 15/42 MP: 5/5
   719 | D:5      | Entered Level 5 of the Dungeon
   719 | D:5      | Noticed an ice beast
   730 | D:5      | Reached skill level 5 in Axes
   733 | D:5      | Noticed a sky beast
   733 | D:5      | Mangled by an ice beast

Dungeon Overview and Level Annotations

Branches:
Dungeon (5/15)             Temple (0/1) D:4

Altars:


Message History

You kill the orc wizard!
Trog accepts your kill.
Trog appreciates your killing of a magic user.
Your base Axes skill increases to level 5!
The orc wizard casts a spell.
The orc wizard seems to speed up.
Unknown command.
You closely miss the orc wizard.
The orc wizard is severely wounded.
You hit the ice beast but do no damage.
The ice beast is moderately wounded.
You closely miss the orc wizard.
You feel sick.
The orc wizard hits you but does no damage.
The ice beast hits you. The ice beast freezes you!
The orc wizard hits you but does no damage.
Unknown command.
You hit the orc wizard.
The orc wizard is almost dead.
You closely miss the orc wizard. You hit the ice beast.
The ice beast is heavily wounded.
The orc wizard hits you but does no damage.
You are lethally poisoned!
The orc wizard hits you but does no damage.
The ice beast closely misses you.
The orc wizard hits you but does no damage.
You are more poisoned.
A sky beast comes into view.
Unknown command.
You slash the orc wizard!
The orc wizard is almost dead.
You hit the ice beast.
The ice beast is heavily wounded.
You slash the giant frog zombie! You hit the orc wizard.
You kill the orc wizard!
Trog accepts your kill.
Trog appreciates your killing of a magic user.
You feel sick. The orc wizard closely misses you.
The giant frog zombie barely misses you.
The ice beast hits you. The ice beast freezes you!
You die...

You could see an ice beast, a sky beast, an orc wizard and a giant frog zombie.

Vanquished Creatures
  2 orc priests (D:4)
  4 orc wizards
  2 adders
  2 worms
  2 giant geckos
  14 orcs
  A goblin (D:2)
  3 jackals (D:3)
  3 ball pythons
  2 bats (D:1)
  A giant cockroach (D:2)
  A giant newt (D:1)
  5 rats
  2 butterflies (D:4)
44 creatures vanquished.

Action                   |  1- 3 |  4- 6 || total
-------------------------+-------+-------++-------
Melee: Hand axe          |    66 |    49 ||   115
Invok: Berserk           |     3 |     2 ||     5
       Trog's Hand       |       |     2 ||     2
 Stab: Sleeping          |     1 |       ||     1
  Eat: Chunk             |     1 |     3 ||     4

Vault maps used:
D:1:      minmay_arrival_radiant_lines
D:3:      st_stairs_2, lightli_corner_chamber, uniq_natasha
D:4:      minmay_temple_entry_butterflies, first_bread, roderic_st_hans_cross,
          uniq_grinder
D:5:      nicolae_overflow_hidden_temple, basic_altar, minmay_joined_circles,
          uniq_crazy_yiuf_cottage, uniq_prince_ribbit1
